 Dungeon Crawl Stone Soup version 0.29.1-2-gbd0b4ee654 (webtiles) character file.

Game seed: 17310358812877882996

3325 xian the Zephyrmancer (level 10, -4/53 HPs)
             Began as a Tengu Air Elementalist on Nov 1, 2022.
             Was a Follower of Vehumet.
             Slain by an orc warrior
             ... wielding a +0 halberd
              (17 damage)
             ... in a bailey.
             The game lasted 00:23:14 (8181 turns).

xian the Zephyrmancer (Tengu Air Elementalist)      Turns: 8181, Time: 00:23:15

Health: -4/53      AC: 11    Str: 14    XL:     10   Next: 2%
Magic:  18/21      EV: 13    Int: 19    God:    Vehumet [*.....]
Gold:   452        SH:  0    Dex: 14    Spells: 12/22 levels left

rFire   x . .      SeeInvis .   e - staff of conjuration
rCold   + . .      Faith    .   (no shield)
rNeg    . . .      Spirit   .   n - +4 ring mail "Ahesoy" {rElec rF- Regen+ Str+4}
rPois   .          Reflect  .   (helmet restricted)
rElec   +          Harm     .   (no cloak)
rCorr   .          Rampage  .   y - +0 pair of gloves
Will    .....                   (boots unavailable)
Stlth   +.........              A - amulet of magic regeneration
HPRegen 0.97/turn               i - ring of flight
MPRegen 0.57/turn               x - ring of protection from cold

@: swift, flying quickly and evasively, very quick
A: beak, talons 3, nimble flight
a: Renounce Religion


You were in a bailey.
You worshipped Vehumet.
Vehumet was aware of your devotion.
You visited 2 branches of the dungeon, and saw 8 of its levels.
You also visited: Bailey.

You collected 452 gold pieces.

Inventory:

Hand Weapons
 c - a +6 halberd
 k - a +3 whip of distortion
Armour
 n - the +4 ring mail "Ahesoy" (worn) {rElec rF- Regen+ Str+4}
   (You found it on level 2 of the Dungeon)

   Str:       It affects your strength (+4).
   rF:        It makes you vulnerable to fire.
   rElec:     It insulates you from electricity.
   Regen:     It increases your rate of health regeneration.
 y - a +0 pair of gloves (worn)
Magical Staves
 e - a staff of conjuration (weapon)
Jewellery
 i - a ring of flight (left hand)
 x - a ring of protection from cold (right hand)
 A - an amulet of magic regeneration (around neck)
Wands
 z - a wand of flame (23)
Scrolls
 d - 3 scrolls of enchant weapon
 f - a scroll of vulnerability
 h - a scroll of immolation
 l - a scroll of blinking
 p - a scroll of butterflies
 s - a scroll of fear
 w - a scroll of poison
 B - 2 scrolls of amnesia
 D - a scroll of teleportation
Potions
 b - 2 potions of magic
 g - a potion of haste {unknown}
 j - 3 potions of degeneration {unknown}
 m - 2 potions of lignification {unknown}
 o - a potion of might {unknown}
 q - a potion of resistance {unknown}
 r - 3 potions of curing
 t - a potion of mutation {unknown}
 u - a potion of heal wounds {unknown}
 v - 2 potions of brilliance {unknown}
 C - a potion of ambrosia {unknown}


   Skills:
 + Level 2.0 Fighting
 + Level 3.8 Polearms
 + Level 0.1(2.2) Staves
 + Level 4.3 Armour
 + Level 3.0 Dodging
 + Level 2.5 Stealth
 + Level 6.9 Spellcasting
 + Level 8.3 Conjurations
 + Level 10.4 Air Magic


You had 12 spell levels left.
You knew the following spells:

 Your Spells              Type           Power      Damage    Failure   Level
a - Shock                 Conj/Air       100%       1d9       1%          1
b - Static Discharge      Conj/Air       59%        3-11/arc  1%          2
c - Swiftness             Air            46%        N/A       1%          3
d - Airstrike             Air            23%        2d(4-20)  2%          4

Your spell library contained the following spells:

 Spells                   Type           Power      Damage    Failure   Level
 Foxfire                  Conj/Fire      100%       2x1d9     3%          1
 Dazzling Flash           Conj/Hex       66%        N/A       11%         3
 Stone Arrow              Conj/Erth      66%        3d11      11%         3
 Apportation              Tloc           12%        N/A       21%         1
 Freeze                   Ice            24%        1d5       21%         1
 Hailstorm                Conj/Ice       33%        3d8       34%         4
 Iskenderun's Mystic Bla  Conj/Tloc      33%        2d8       34%         4
 Frozen Ramparts          Ice            12%        1d2       52%         3
 Animate Armour           Summ/Erth      12%        N/A       89%         4
 Alistair's Intoxication  Tmut/Pois      4%         N/A       99%         5
 Starburst                Conj/Fire      16%        6d6       99%         6
 Lehudib's Crystal Spear  Conj/Erth      16%        10d5      100%        8


Dungeon Overview and Level Annotations

Branches:
Dungeon (7/15)             Temple (1/1) D:6          Bailey (1/1)

Altars:
Ashenzari
Cheibriados
Dithmenos
Fedhas
Gozag
Hepliaklqana
Kikubaaqudgha
Makhleb
Qazlal
Ru
Sif Muna
Trog
Uskayaw
Vehumet
Wu Jian
Xom
Zin
The Shining One

Shops:
D:6 (


Innate Abilities, Weirdness & Mutations

You have a beak for a mouth.
You have claws for feet.
Your magical nature lets you fly swiftly and evasively.


Message History

You feel a surge of power!
The zap misses the orc warrior.
The orc warrior shouts!
You feel a surge of power!
The zap misses the orc warrior.
You can't see any susceptible monsters within range! (Use Z to cast anyway.)
The orc warrior hits you with a +0 glaive!
The orc warrior hits you but does no damage.
The orc warrior hits you but does no damage.
The orc warrior hits you from afar with a +0 glaive.
The orc warrior hits you from afar with a +0 halberd!
The orc warrior misses you. The orc warrior closely misses you.
The orc warrior hits you with a +0 glaive!
The orc warrior closely misses you.
Casting: Shock (safe; 1% risk of failure)
Confirm with . or Enter, or press ? or * to list all spells.
You feel a surge of power!
The orc warrior is struck by an arc of lightning!
The orc warrior is heavily wounded.
The orc warrior is struck by an arc of lightning.
The orc warrior is lightly wounded.
The orc warrior is struck by an arc of lightning!
The orc warrior is severely wounded.
The lightning grounds out.
The orc warrior hits you with a +0 glaive!
* * * LOW HITPOINT WARNING * * *
The orc warrior hits you with a +0 halberd.
* * * LOW HITPOINT WARNING * * *
It was a potion of curing.
You feel better. The orc warrior closely misses you.
The orc warrior completely misses you.
Casting: Static Discharge (safe; 1% risk of failure)
Confirm with . or Enter, or press ? or * to list all spells.
You feel quick.
The orc warrior hits you with a +0 glaive.
* * * LOW HITPOINT WARNING * * *
The orc warrior hits you with a +0 halberd.
* * * LOW HITPOINT WARNING * * *
You feel better.
The orc warrior hits you with a +0 glaive.
* * * LOW HITPOINT WARNING * * *
The orc warrior hits you with a +0 halberd!
You die...

#♣.≈≈≈≈≈♣♣
#...≈≈≈≈≈♣
##.♣..≈≈≈≈♣.
###.....≈≈≈≈...#
♣♣♣....♣..≈≈≈≈.♣.#
♣♣.........≈≈≈≈....
♣.........######...
♣..∩......o........
♣........@o...... .
♣................
♣..∩.............
♣.........######.
♣♣......♣..≈
♣♣♣...♣♣..≈
###.....≈ ## #..≈≈


You could see 2 orc warriors.

Vanquished Creatures
  4 yaks (D:7)
  Duvessa (D:5)
  2 orc warriors
  4 sky beasts
  An ice beast (D:6)
  3 ogres
  A centaur (D:5)
  A phantom (D:6)
  A necrophage (D:6)
  4 scorpions
  6 wights (D:6)
  Dowan (D:5)
  2 jellies
  2 hounds (D:6)
  A quasit (D:5)
  A gnoll bouda (D:6)
  3 orc priests
  7 iguanas
  4 orc wizards
  11 gnolls
  8 adders
  3 shadow imps (D:5)
  2 white imps
  10 ufetubi
  3 worms
  2 dart slugs
  38 orcs
  8 ball pythons
  10 endoplasms
  6 giant cockroaches
  8 goblins
  8 hobgoblins
  8 kobolds
  2 quokkas (D:4)
  11 bats
  2 frilled lizards
  5 rats
194 creatures vanquished.

Vanquished Creatures (others)
  2 demonic plants (D:5)
  4 plants (D:1)
6 creatures vanquished.

Grand Total: 200 creatures vanquished

Notes
Turn   | Place    | Note
-------+----------+-------------------------------------------
     0 | D:1      | xian the Tengu Air Elementalist began the quest for the
                  | Orb.
     0 | D:1      | Reached XP level 1. HP: 10/10 MP: 4/4
   171 | D:1      | Reached XP level 2. HP: 15/15 MP: 4/6
   707 | D:1      | Found a faded altar of an unknown god.
   944 | D:2      | Reached skill level 5 in Air Magic
  1020 | D:2      | Reached XP level 3. HP: 19/19 MP: 2/7
  1235 | D:2      | Learned a level 2 spell: Static Discharge
  1239 | D:2      | Learned a level 3 spell: Swiftness
  1530 | D:2      | Identified the +4 ring mail "Ahesoy" {rElec rF- Regen+
                  | Str+4}
  2144 | D:2      | Reached XP level 4. HP: 24/24 MP: 5/8
  2328 | D:3      | Found a bloodstained altar of Trog.
  2328 | D:3      | Found an opulent altar of Gozag.
  2329 | D:3      | Found a snail-covered altar of Cheibriados.
  2347 | D:3      | Found a sacrificial altar of Ru.
  2470 | D:3      | Reached skill level 1 in Armour
  3127 | D:3      | Gained mutation: Your magical nature lets you fly swiftly
                  | and evasively. [Tengu growth]
  3127 | D:3      | Reached XP level 5. HP: 21/28 MP: 0/10
  3264 | D:3      | Reached skill level 6 in Air Magic
  3739 | D:4      | Reached XP level 6. HP: 32/32 MP: 5/11
  3973 | D:4      | Noticed an orc warrior
  4001 | D:4      | Killed an orc warrior
  4503 | D:4      | Reached XP level 7. HP: 36/36 MP: 8/13
  4552 | D:4      | Learned a level 4 spell: Airstrike
  4622 | D:5      | Entered Level 5 of the Dungeon
  4769 | D:5      | Noticed Duvessa
  4783 | D:5      | Killed Duvessa
  4784 | D:5      | Reached skill level 5 in Conjurations
  4820 | D:5      | Noticed Dowan
  4924 | D:5      | Killed Dowan
  4925 | D:5      | Reached skill level 7 in Air Magic
  5149 | D:5      | Found a blossoming altar of Fedhas.
  5468 | D:5      | Reached XP level 8. HP: 42/42 MP: 9/15
  5957 | D:5      | Reached skill level 5 in Spellcasting
  6263 | D:6      | Reached skill level 8 in Air Magic
  6606 | D:6      | Reached skill level 9 in Air Magic
  6608 | D:6      | Found a staircase to the Ecumenical Temple.
  6631 | Temple   | Entered the Ecumenical Temple
  6769 | Temple   | Became a worshipper of Vehumet
  6909 | D:6      | Reached XP level 9. HP: 45/46 MP: 11/18
  7204 | D:6      | Found Xarager's Weapon Emporium.
  7491 | D:6      | Reached skill level 1 in Polearms
  7549 | D:6      | Reached * piety under Vehumet
  7549 | D:6      | Offered knowledge of Foxfire by Vehumet.
  7831 | D:7      | Reached skill level 1 in Fighting
  7993 | D:7      | Reached skill level 10 in Air Magic
  8141 | D:7      | Reached XP level 10. HP: 52/53 MP: 18/21
  8145 | D:7      | Found a flagged portal.
  8152 | Bailey   | Entered a bailey
  8181 | Bailey   | Slain by an orc warrior

Illustrated notes

Levels and vault maps discovered:
D:1:      minmay_arrival_wavy_path, layout_rooms,
          dreamdust_ecumenical_altar_statues, serial_forest,
          infiniplex_forest_straight_4, infiniplex_forest_clump_diagonal,
          infiniplex_forest_clump_cross, infiniplex_forest_clump_small,
          infiniplex_forest_lined_room_3, infiniplex_forest_end_2
D:2:      minmay_chambers_of_ones, layout_basic, serial_park_tiny_2
D:3:      layout_loops_ring, nicolae_overflow_quartered_altars,
          hangedman_decor_peaks_small
D:4:      layout_rooms
D:5:      layout_basic, lemuel_crystal_altar, serial_demonic, serial_demonic_d,
          serial_demonic_g, serial_demonic_f, serial_demonic_d,
          nicolae_figureground_sparkle, uniq_duvessa
D:6:      layout_loops_ring, minmay_temple_entry_mist, serial_shops,
          kennysheep_mini, minmay_misc_feat_nine_boxes, nrook_loot_triangle
D:7:      layout_layer_cave, enter_bailey_3
Temple:   dshaligram_water_room_temple
Bailey:   bailey_polearm_elven_captive_hellmonk, bailey

Skill      XL: |  1  2  3  4  5  6  7  8  9 |
---------------+----------------------------+-----
Air Magic      | 5 6 7 9 10 | 10.4
Conjurations   | 2 3 4 5 6 8 |  8.3
Armour         | 1 2 3 4 |  4.3
Spellcasting   | 3 4 5 6 |  6.9
Polearms       | 3 |  3.8
Fighting       | 2 |  2.0
Dodging        | 3 |  3.0
Staves         | |  0.1
Stealth        | |  2.5

Action                   |  1- 3 |  4- 6 |  7- 9 | 10-12 || total
-------------------------+-------+-------+-------+-------++-------
Melee: Staff             |     6 |     8 |     7 |       ||    21
       Peck              |     3 |     4 |     9 |       ||    16
       Kick              |     3 |     2 |     5 |       ||    10
       Whip              |     3 |       |       |       ||     3
       Halberd           |       |       |    24 |       ||    24
 Cast: Shock             |    68 |   133 |   189 |     3 ||   393
       Static Discharge  |     4 |     7 |    47 |     1 ||    59
       Swiftness         |       |       |       |     1 ||     1
  Use: Scroll            |       |       |    10 |       ||    10
       Potion            |       |       |       |     2 ||     2
Armor: Leather armour    |     2 |       |       |       ||     2
       Ring mail         |     1 |     8 |    43 |     2 ||    54
Dodge: Dodged            |    11 |    31 |    57 |     5 ||   104
